 Dungeon Crawl Stone Soup version 0.30-a0-1123-gabc949cf19 (webtiles) character file.

Game seed: 16889713734857019910

7804 Lobster4 the Trooper (level 11, -5/83 HPs)
             Began as a Human Delver on Apr 23, 2023.
             Was a Believer of Nemelex Xobeh.
             Slain by a vampire mosquito (10 damage)
             ... on level 10 of the Dungeon.
             The game lasted 00:44:55 (12929 turns).

Lobster4 the Trooper (Human Delver)                Turns: 12929, Time: 00:44:55

Health: -5/83      AC: 14    Str: 24    XL:     11   Next: 44%
Magic:  9/15       EV: 13    Int: 10    God:    Nemelex Xobeh [**....]
Gold:   201        SH:  5    Dex: 16    Spells: 13/16 levels left

rFire   x . .        a - +3 spear (venom)
rCold   . . .        E - +0 buckler
rNeg    . . .        p - +4 ring mail of a Labyrinth {rElec rF- Dex+2}
rPois   +            (no helmet)
rElec   +            R - +2 cloak {Stlth+}
rCorr   .            v - +0 pair of gloves
SInv    .            (no boots)
Will    .....        (no amulet)
Stlth   ++++         f - ring of poison resistance
HPRegen 0.33/turn    o - +6 ring of strength
MPRegen 0.14/turn

%: no passive effects
@: brilliant
A: no striking features
a: Renounce Religion, Draw Escape, Draw Destruction, Draw Summoning


You were on level 10 of the Dungeon.
You worshipped Nemelex Xobeh.
Nemelex Xobeh was pleased with you.
You visited 2 branches of the dungeon, and saw 11 of its levels.

You collected 537 gold pieces.
You spent 336 gold pieces at shops.

Inventory:

Hand Weapons
 a - a +3 spear of venom (weapon)
 b - a +0 sling
 w - a +1 hand axe
 z - a +0 war axe of chaos
 A - a +0 shortbow
 F - a +3 trident
 G - a +3 hand axe of freezing
Missiles
 h - 97 stones (quivered)
 C - 25 poisoned darts
 D - 12 javelins
 K - 3 boomerangs
Armour
 k - a +0 ring mail
 n - a +0 leather armour
 p - the +4 ring mail of a Labyrinth (worn) {rElec rF- Dex+2}
   (You found it on level 2 of the Dungeon)

   Dex:       It affects your dexterity (+2).
   rF:        It makes you vulnerable to fire.
   rElec:     It insulates you from electricity.
 v - a +0 pair of gloves (worn)
 y - +0 steam dragon scales
 E - a +0 buckler (worn)
 H - a +0 kite shield
 R - a +2 cloak of stealth (worn)
Magical Staves
 e - a staff of cold
 t - a staff of fire
Jewellery
 f - a ring of poison resistance (left hand)
 o - a +6 ring of strength (right hand)
 x - a ring of fire
 J - a +6 ring of intelligence
 L - an amulet of regeneration
 U - a ring of magical power
Wands
 g - a wand of digging (9)
 q - a wand of acid (17)
 u - a wand of paralysis (5)
 B - a wand of polymorph (2)
 M - a wand of flame (23)
 S - a wand of roots (11)
Scrolls
 c - 3 scrolls of fog
 d - 3 scrolls of magic mapping
 l - 3 scrolls of amnesia
 m - a scroll of blinking
 r - 4 scrolls of immolation
 O - a scroll of acquirement {unknown}
 T - a scroll of identify
Potions
 i - 5 potions of curing
 j - 4 potions of brilliance
 I - 3 potions of flight
 N - a potion of ambrosia
 P - 3 potions of lignification {unknown}
 Q - 2 potions of mutation


   Skills:
 + Level 6.8 Fighting
 + Level 6.2 Axes
 + Level 5.1 Ranged Weapons
 - Level 3.0 Throwing
 + Level 5.6 Armour
 + Level 6.2 Dodging
 - Level 6.0 Stealth
 + Level 3.7 Shields
 - Level 3.0 Spellcasting
 - Level 3.0 Transmutations
 + Level 5.1 Earth Magic
 + Level 5.0 Invocations
 - Level 3.0 Evocations


You had 13 spell levels left.
You knew the following spells:

 Your Spells              Type           Power      Damage    Failure   Level
a - Sandblast             Erth           34%        2d9       7%          1
b - Passwall              Tmut/Erth      11%        N/A       16%         2

Your spell library contained the following spells:

 Spells                   Type           Power      Damage    Failure   Level
 Sting                    Tmut/Pois      24%        1d4       30%         1
 Freeze                   Ice            8%         1d3       50%         1
 Stone Arrow              Conj/Erth      18%        3d8       52%         3
 Cigotuvi's Dreadful Rot  Necr/Pois/Air  4%         N/A       63%         2
 Poisonous Vapours        Pois/Air       4%         N/A       63%         2
 Ignite Poison            Fire/Tmut/Pois 5%         N/A       73%         3
 Frozen Ramparts          Ice            4%         1d1       86%         3
 Hailstorm                Conj/Ice       2%         3d3       86%         3
 Inner Flame              Hex/Fire       2%         N/A       86%         3
 Ozocubu's Armour         Ice            2%         N/A       86%         3
 Volatile Blastmotes      Fire/Tloc      4%         2d10      86%         3
 Lee's Rapid Deconstruct  Erth           8%         3d7*      88%         5
 Fulminant Prism          Conj/Hex       1%         3d5       99%         4
 Iskenderun's Mystic Bla  Conj/Tloc      2%         2d3       99%         4
 Olgreb's Toxic Radiance  Pois           2%         N/A       99%         4
 Freezing Cloud           Conj/Ice/Air   1%         6-21      100%        5
 Yara's Violent Unravell  Hex/Tmut       3%         3d4       100%        5
 Enfeeble                 Hex            1%         N/A       100%        7
 Ozocubu's Refrigeration  Ice            1%         4d7       100%        7


Dungeon Overview and Level Annotations

Branches:
Dungeon (10/15)            Temple (1/1) D:4            Lair (0/5) D:9
    Orc (0/2) D:9

Altars:
Ashenzari
Cheibriados
Dithmenos
Elyvilon
Fedhas
Gozag
Hepliaklqana
Kikubaaqudgha
Makhleb
Nemelex Xobeh
Okawaru
Qazlal
Ru
Sif Muna
Trog
Uskayaw
Vehumet
Wu Jian
Xom
Yredelemnul
Zin
The Shining One

Shops:
D:1 :   D:6 *   D:7 ?

Annotations:
D:8 1 runed translucent door


Message History

You block the vampire mosquito's attack.
The vampire mosquito closely misses you.
The vampire mosquito bites you.
* * * LOW HITPOINT WARNING * * *
The vampire mosquito draws strength from your injuries!
The vampire mosquito closely misses you.
Blink to where?
Press: ? - help, Dir - move target, p - vampire mosquito
As you read the scroll of blinking, it crumbles to dust.
As you read the scroll of fog, it crumbles to dust.
The scroll dissolves into smoke.
You feel better.
Okay, then.
You close the door.
You block the vampire mosquito's attack.
The vampire mosquito misses you.
The vampire mosquito bites you but does no damage.
Casting: Sandblast (safe; 7% risk of failure)
Confirm with . or Enter, or press ? or * to list all spells.
Aiming: Passwall (safe; 16% risk of failure)
Press: ? - help, Dir - move target A rock wall.
You feel a surge of power!
The vampire mosquito bites you but does no damage.
The vampire mosquito misses you.
The vampire mosquito bites you but does no damage. x2
You begin to meditate on the wall.
You continue meditating on the rock.
The vampire mosquito bites you!
* * * LOW HITPOINT WARNING * * *
The vampire mosquito draws strength from your injuries!
The vampire mosquito bites you but does no damage.
The vampire mosquito bites you.
* * * LOW HITPOINT WARNING * * *
The vampire mosquito draws strength from your injuries!
The vampire mosquito bites you but does no damage.
You continue meditating on the rock.
You block the vampire mosquito's attack.
The vampire mosquito bites you!
You die...
Your body disappears without a glow.

......†§....#
......##†...#
......##y...# .
............# ..
......##.y..#
... .....
##§####.... ####
#§§§§......
....##§yy§......
.....§§@§§......
....###+####....
... ##....# ...
.. +.....# .. .
##....# .
#+#######....#
#......##'####
##......##....#
#.....).......#


You could see 2 vampire mosquitoes.

Vanquished Creatures
  Pikel (D:6)
  3 komodo dragons (D:9)
  Grinder (D:6)
  Sigmund (D:4)
  3 wyverns
  Eustachio (D:5)
  A wraith (D:7)
  A basilisk (D:9)
  6 yaks (D:9)
  A vampire mosquito (D:10)
  A steam dragon (D:7)
  An acid dragon (D:10)
  Duvessa (D:6)
  A water moccasin (D:7)
  A swamp drake (D:9)
  2 ice beasts (D:6)
  5 orc warriors
  2 sky beasts
  2 centaurs
  An ogre (D:6)
  2 phantoms
  4 lemures (D:6)
  Blork the orc (D:6)
  3 bullfrogs
  3 kobold brigands
  3 scorpions
  A gnoll sergeant (D:6)
  4 wights
  Dowan (D:6)
  4 killer bees (D:7)
  4 howler monkeys
  3 electric eels (D:7)
  8 hounds
  3 jellies
  6 orc priests
  A gnoll bouda (D:7)
  3 sleepcaps
  4 iguanas
  6 orc wizards
  12 gnolls
  9 adders
  2 shadow imps
  A white imp (D:6)
  2 worms
  2 dart slugs
  22 orcs
  A bat zombie (D:8)
  6 endoplasms
  6 giant cockroaches
  13 goblins
  8 hobgoblins
  3 jackals (D:4)
  17 kobolds
  5 quokkas
  4 ball pythons
  4 bats
  4 frilled lizards
  6 rats
  A rat zombie (D:8)
228 creatures vanquished.

Vanquished Creatures (others)
  97 plants
97 creatures vanquished.

Grand Total: 325 creatures vanquished

Notes
Turn   | Place    | Note
-------+----------+-------------------------------------------
     0 | D:5      | Lobster4 the Human Delver began the quest for the Orb.
     0 | D:5      | Reached XP level 1. HP: 18/18 MP: 1/1
   257 | D:2      | Reached XP level 2. HP: 24/24 MP: 2/2
   417 | D:1      | Found Zoboleq's Vocational Training.
   647 | D:2      | Reached XP level 3. HP: 21/29 MP: 3/3
   737 | D:2      | Identified the +4 ring mail of a Labyrinth {rElec rF-
                  | Dex+2}
   787 | D:2      | Found a faded altar of an unknown god.
   977 | D:2      | Reached XP level 4. HP: 35/35 MP: 4/4
  1352 | D:3      | Learned a level 1 spell: Sandblast
  1688 | D:3      | Reached skill level 1 in Evocations
  1718 | D:3      | Reached skill level 1 in Throwing
  1869 | D:3      | Found a bloodstained altar of Trog.
  1911 | D:3      | Reached XP level 5. HP: 41/41 MP: 5/5
  1982 | D:4      | Noticed Sigmund
  2242 | D:4      | Reached skill level 1 in Armour
  2386 | D:4      | Reached XP level 6. HP: 45/47 MP: 5/7
  2516 | D:5      | Found a broken altar of Ashenzari.
  2583 | D:5      | Found a hazy altar of Hepliaklqana.
  2618 | D:5      | Reached skill level 1 in Spellcasting
  2618 | D:5      | Reached skill level 1 in Earth Magic
  2767 | D:5      | Found a burning altar of Makhleb.
  2767 | D:5      | Noticed a balrug
  2829 | D:5      | Found a sparkling altar of Nemelex Xobeh.
  2899 | D:5      | Reached XP level 7. HP: 53/53 MP: 8/8
  3018 | D:5      | Found a glowing silver altar of Zin.
  3018 | D:5      | Noticed an angel
  3348 | D:4      | Killed Sigmund
  3499 | D:4      | Found a staircase to the Ecumenical Temple.
  3528 | Temple   | Entered the Ecumenical Temple
  3797 | D:5      | Became a worshipper of Nemelex Xobeh the Trickster
  3839 | D:5      | Reached XP level 8. HP: 31/60 MP: 10/10
  4041 | D:5      | Reached skill level 1 in Ranged Weapons
  4217 | D:5      | Reached skill level 1 in Invocations
  4276 | D:5      | Found a shadowy altar of Dithmenos.
  4613 | D:5      | Noticed Eustachio
  5126 | D:6      | Learned a level 2 spell: Passwall
  5142 | D:6      | Noticed Grinder
  5187 | D:6      | Found an opulent altar of Gozag.
  5272 | D:6      | Found a shimmering blue altar of Sif Muna.
  5328 | D:6      | Reached XP level 9. HP: 53/66 MP: 12/12
  5392 | D:6      | Noticed Duvessa
  5396 | D:6      | Noticed Dowan
  5414 | D:6      | Killed Duvessa
  5421 | D:6      | Killed Dowan
  5422 | D:6      | Reached skill level 1 in Transmutations
  5790 | D:6      | Noticed Pikel
  5976 | D:6      | Noticed Blork the orc
  6173 | D:6      | Found a radiant altar of Vehumet.
  6186 | D:6      | Reached skill level 5 in Fighting
  6398 | D:7      | Reached * piety under Nemelex Xobeh
  7036 | D:7      | Found a sacrificial altar of Ru.
  7106 | D:7      | Reached XP level 10. HP: 49/74 MP: 14/14
  7388 | D:7      | Found Biuc's Magic Scroll Boutique.
  7403 | D:7      | Bought a scroll of immolation for 52 gold pieces
  7403 | D:7      | Bought a scroll of identify for 26 gold pieces
  7457 | D:7      | Reached skill level 5 in Axes
  7457 | D:7      | Reached skill level 1 in Shields
  7615 | D:7      | Found a glowing golden altar of the Shining One.
  7837 | D:7      | Reached skill level 5 in Dodging
  8074 | D:8      | Received a gift from Nemelex Xobeh
  8788 | D:8      | Found a runed translucent door.
  8792 | D:8      | Found a basalt altar of Yredelemnul.
  8940 | D:8      | Found an ancient bone altar of Kikubaaqudgha.
  9020 | D:9      | Found a staircase to the Orcish Mines.
  9047 | D:9      | Reached ** piety under Nemelex Xobeh
  9598 | D:9      | Found a shimmering altar of Xom.
  9599 | D:9      | Received a gift from Nemelex Xobeh
 10192 | D:9      | Noticed a komodo dragon
 10408 | D:9      | Reached skill level 5 in Invocations
 10408 | D:9      | Reached XP level 11. HP: 65/81 MP: 15/15
 10453 | D:9      | Reached skill level 5 in Armour
 10534 | D:9      | Found a staircase to the Lair.
 11010 | D:5      | Killed Eustachio
 11305 | D:6      | Killed Pikel
 11306 | D:6      | Reached skill level 5 in Ranged Weapons
 11426 | D:6      | Found Hitinnun's Neck Hole.
 11431 | D:6      | Bought a +2 cloak of stealth for 258 gold pieces
 11689 | D:6      | Paralysed by Grinder for 4 turns
 11693 | D:6      | Killed Grinder
 11694 | D:6      | Reached skill level 5 in Earth Magic
 11882 | D:6      | Killed Blork the orc
 11936 | D:6      | Found a hide-covered altar of Uskayaw.
 12630 | D:10     | Entered Level 10 of the Dungeon
 12928 | D:10     | HP: 4/83 [vampire mosquito (2)]
 12929 | D:10     | Slain by a vampire mosquito

Illustrated notes

Levels and vault maps discovered:
D:1:      dpeg_arrival_prison, layout_basic, nicolae_shop_vocational
D:2:      minmay_spotlight, layout_loops_ring, chequers_ecumenical_altar_island,
          chequers_serial_rivers_room_b, fountainhead, serial_park_tiny_pond,
          serial_bayou_pond_c, nicolae_underground_beach
D:3:      layout_basic, trog_hazing_becter
D:4:      layout_cave_pools, minmay_temple_entry_waves, gup_sewer_entry_pipe,
          kennysheep_generic_room_10, uniq_sigmund
D:5:      layout_basic, grunt_temple_overflow_order_and_chaos_2,
          mainiacjoe_overflow_boulevard, nicolae_ashenzari_panopticon,
          mainiacjoe_overflow_alcove_2, nemelex_xobeh_ov_fountains_minmay,
          serial_rivers, chequers_serial_rivers_micro_d,
          chequers_serial_rivers_micro_a, chequers_serial_rivers_micro_b,
          chequers_serial_rivers_room_a, chequers_avenue, st_stairs_4,
          sword_in_stone
D:6:      layout_basic, lemuel_round_altar, nicolae_vehumet_altar_sigil,
          mainiacjoe_overflow_catch_the_wave, chequers_serial_rivers_large_a,
          nicolae_shop_sticking_my_neck_out, uniq_eustachio, uniq_duvessa,
          uniq_blork_the_orc, uniq_pikel, uniq_grinder
D:7:      layout_loops_ring, mainiacjoe_overflow_six_doors_small,
          hangedman_ru_absence, serial_bayou, serial_bayou_pond_b,
          serial_bayou_lagoon_b, serial_bayou_pond_c, serial_bayou_pond_d,
          serial_shops, nicolae_shop_temple_entry_statues_fountains
D:8:      layout_cave_pools, lemuel_zombie_altar_kikubaaqudgha,
          dk_yredelemnul_ordeal
D:9:      layout_roguey, xom_teletrap_fun, erik_lair_dragon, david_orc_3,
          dk_vineyard_2
D:10:     layout_gridville, nicolae_trove_entry_columns
Temple:   hellmonk_temple_beads

Skill      XL: |  1  2  3  4  5  6  7  8  9 10 11 |
---------------+----------------------------------+-----
Evocations     | 1 2 3 |  3.0
Throwing       | 1 2 3 |  3.0
Armour         | 1 2 3 4 5 |  5.6
Spellcasting   | 1 2 3 |  3.0
Earth Magic    | 1 2 3 4 5 |  5.1
Dodging        | 3 4 5 6 |  6.2
Axes           | 3 4 5 6 |  6.2
Fighting       | 4 5 6 |  6.8
Stealth        | 6 |  6.0
Ranged Weapons | 2 3 4 5 |  5.1
Invocations    | 2 3 5 |  5.0
Transmutations | 2 3 |  3.0
Shields        | 2 3 |  3.7

Action                     |  1- 3 |  4- 6 |  7- 9 | 10-12 || total
---------------------------+-------+-------+-------+-------++-------
  Melee: Hand axe          |    89 |   190 |   220 |    31 ||   530
         Punch             |     2 |     2 |     2 |       ||     6
         Spear             |       |       |   105 |   394 ||   499
   Fire: Sling             |       |    21 |    84 |    45 ||   150
  Throw: Stone             |       |    10 |    26 |       ||    36
         Dart              |       |     6 |    17 |    13 ||    36
         Javelin           |       |    10 |    26 |       ||    36
   Cast: Sandblast         |       |       |    15 |     8 ||    23
         Passwall          |       |       |       |     1 ||     1
    Use: Scroll            |     1 |    10 |    10 |     7 ||    28
         Potion            |     1 |       |     3 |     5 ||     9
   Stab: Sleeping          |     4 |     2 |     6 |    11 ||    23
         Distracted        |       |       |     1 |     1 ||     2
         Confused          |       |       |       |     1 ||     1
 Armour: Leather armour    |    12 |       |       |       ||    12
         Ring mail         |    11 |   114 |   155 |   154 ||   434
  Dodge: Dodged            |    63 |   125 |   223 |   290 ||   701
  Block: Buckler           |       |       |       |    93 ||    93

Table legend: (Time is in decaauts)
 A = Elapsed time spent in this place.
 B = Non-inter-level travel time spent in this place.
 C = Inter-level travel time spent in this place.
 D = Time resting spent in this place.
 E = Time spent auto-exploring this place.
 F = Levels seen in this place.
 G = Mean time per level.
                   A        B        C        D        E       F      G
               +--------+--------+--------+--------+--------+-----+--------+
         Total |  13151 |  12150 |   1001 |   2179 |   6420 |  11 | 1195.5 |
       Dungeon |  12984 |  12054 |    930 |   2179 |   6331 |  10 | 1298.4 |
        Temple |    167 |     96 |     71 |      0 |     89 |   1 |  167.0 |
               +--------+--------+--------+--------+--------+-----+--------+

Top non-repeatable levels by time:
     D:6: 2155 daAuts
     D:7: 2041 daAuts
     D:5: 2038 daAuts
     D:9: 1950 daAuts
     D:2: 1166 daAuts
     D:4: 1120 daAuts
     D:3: 1010 daAuts
     D:8: 701 daAuts
     D:1: 615 daAuts
    D:10: 185 daAuts
  Temple: 167 daAuts
